 Dungeon Crawl Stone Soup version 0.23-a0-175-g97aacdb (webtiles) character file.

88 HarryHood the Skirmisher (level 4, -3/29 HPs)
             Began as a Gargoyle Fighter on Sept 16, 2018.
             Slain by a gnoll
             ... wielding a +0 flail
              (6 damage)
             ... on level 2 of the Dungeon.
             The game lasted 00:05:05 (1271 turns).

HarryHood the Skirmisher (Gargoyle Fighter)         Turns: 1271, Time: 00:05:06

Health: -3/29      AC: 11    Str: 20    XL:     4   Next: 54%
Magic:  4/4        EV:  7    Int:  8    God:
Gold:   66         SH:  9    Dex: 10    Spells: 3/3 levels left

rFire    . . .     SeeInvis .   a - +1 flail
rCold    . . .     Gourm    .   c - +0 shield
rNeg     + . .     Faith    .   b - +0 scale mail
rPois    ∞         Spirit   .   (no helmet)
rElec    +         Reflect  .   k - +0 cloak (curse)
rCorr    .         Harm     .   (no gloves)
MR       .....                  (no boots)
Stlth    ..........             (no amulet)
HPRegen  0.09/turn              (no ring)
MPRegen  0.09/turn              (no ring)

@: no status effects
A: negative energy resistance 1, electricity resistance, unbreathing,
petrification resistance, rot immunity, AC +3
a: no special abilities


You were on level 2 of the Dungeon.
You were not hungry.

You visited 1 branch of the dungeon, and saw 2 of its levels.

You collected 66 gold pieces.

Inventory:

Hand Weapons
 a - a +1 flail (weapon)
Missiles
 h - 44 stones (quivered)
Armour
 b - a +0 scale mail (worn)
 c - a +0 shield (worn)
 k - a cursed +0 cloak (worn)
Jewellery
 n - an uncursed ring of resist corrosion {unknown}
Scrolls
 f - a scroll of remove curse {@r1}
 i - a scroll of teleportation {@r0}
 j - a scroll of enchant armour {unknown}
 r - 2 scrolls of identify
Potions
 d - 3 potions of might
 l - a potion of invisibility {unknown}
 m - a potion of ambrosia
 o - a potion of resistance {unknown}
Comestibles
 e - 3 rations {@e1}
 g - 5 chunks of flesh


   Skills:
 + Level 4.2 Fighting
 * Level 4.0 Maces & Flails
 - Level 3.2 Armour
 - Level 3.2 Shields


You had 3 spell levels left.
You didn't know any spells.
Your spell library was empty.

Dungeon Overview and Level Annotations

Branches:
Dungeon (2/15)

Altars:
Trog


Innate Abilities, Weirdness & Mutations

You are resistant to torment.
Your stone body is resilient. (AC +3)
You are immune to poison.
You resist negative energy. (rN+)
You are resistant to electric shocks. (rElec)
You can survive without breathing.
You are immune to petrification.
You are immune to rotting.


Message History

You block the gnoll's attack.
A gnoll comes into view. It is wielding a whip.
You barely miss the gnoll.
The gnoll shouts!
The gnoll hits you with a flail!
You take 8 damage, and have 21/29 hp.
MASSIVE DAMAGE!!
You hit the gnoll. The gnoll hits you with a flail.
You take 2 damage, and have 19/29 hp.
The gnoll hits you but does no damage. The gnoll hits you with a flail.
You take 5 damage, and have 14/29 hp.
You hit the gnoll but do no damage. The gnoll hits you but does no damage.
You hit the gnoll. You barely miss the gnoll. You block the gnoll's attack.
You barely miss the gnoll. The gnoll hits you with a flail!
* * * LOW HITPOINT WARNING * * *
You take 7 damage, and have 7/29 hp.
MASSIVE DAMAGE!!
You barely miss the gnoll. The gnoll hits you with a flail.
* * * LOW HITPOINT WARNING * * *
The gnoll hits you with a flail.
You die...

# #.#...##.#.#..# #
#.#.####.#.#..# # #.#.#
#.#.#..# ###
#.#.####.#.#..# ..#
#.#........#..# ..#
#........#.#.(#
..#####........+gg..#
.....##........#g##.#
####.##........#@#..#
........................
##....#.#..#######...###
.#<...#.#..# #####
........#....
▓▓▓.....##.###
.▓▓..#..##.# ..
..▓.....##.#...
..▓.##..##.#...


You could see 3 gnolls.

Vanquished Creatures
  A hound skeleton (D:2)
  2 adders (D:2)
  An ooze (D:1)
  2 worms (D:2)
  A dart slug (D:1)
  9 bats
  A bat zombie (D:2)
  2 giant cockroaches
  6 goblins
  5 hobgoblins
  3 jackals (D:2)
  A ball python (D:1)
  A ball python skeleton (D:2)
  A jackal zombie (D:2)
  4 kobolds
  A leopard gecko zombie (D:2)
  A rat (D:1)
42 creatures vanquished.

Notes
Turn   | Place    | Note
-------+----------+-------------------------------------------
     0 | D:1      | HarryHood the Gargoyle Fighter began the quest for the Orb.
     0 | D:1      | Reached XP level 1. HP: 14/14 MP: 1/1
   201 | D:1      | Reached XP level 2. HP: 19/19 MP: 2/2
   362 | D:1      | Reached skill level 3 in Maces & Flails
   362 | D:1      | Reached XP level 3. HP: 22/24 MP: 3/3
  1040 | D:2      | Found a bloodstained altar of Trog.
  1069 | D:2      | Reached skill level 4 in Fighting
  1072 | D:2      | Reached XP level 4. HP: 25/29 MP: 4/4
  1224 | D:2      | Reached skill level 4 in Maces & Flails
  1271 | D:2      | Slain by a gnoll

Vault maps used:
D:1:      nzn_arrival_settlement, dk_noncrumbling_4, minmay_misc_feat_columns,
          chequers_big_river
D:2:      old_standard_altar, first_ration, serial_undead, serial_undead_f,
          serial_undead_d, serial_undead_b, serial_undead_d,
          kennysheep_pointless_box

Skill      XL: |  1  2  3  4 |
---------------+-------------+-----
Maces & Flails | 3 4 |  4.0
Fighting       | 4 |  4.2
Armour         | |  3.2
Shields        | |  3.2

Action                   |  1- 3 |  4- 6 || total
-------------------------+-------+-------++-------
Melee: Flail             |    82 |    31 ||   113
  Use: Scroll            |     6 |       ||     6
  Eat: Chunk             |     1 |       ||     1
Armor: Scale mail        |    50 |    20 ||    70
Dodge: Dodged            |    21 |     8 ||    29
Block: Shield            |    46 |    19 ||    65

Table legend:
 A = Non-vault XP
 B = Vault XP
 C = Vault XP percentage of total XP
 D = Non-vault monster count
 E = Vault monster count
 F = Vault count percentage of total count
                 A         B        C        D         E       F
            +---------+---------+-------+---------+---------+-------
      Total |     102 |      25 |  19.7 |      37 |       5 |  11.9
            +---------+---------+-------+---------+---------+-------
        D:1 |      48 |       0 |   0.0 |      22 |       0 |   0.0
        D:2 |      54 |      25 |  31.6 |      15 |       5 |  25.0
            +---------+---------+-------+---------+---------+-------
